 Dungeon Crawl Stone Soup version 0.28.0-45-g0d030f2227 (webtiles) character file.

Game seed: 10639633303626262606

308 pkoi the Gusty (level 5, -1/38 HPs)
             Began as a Demigod Air Elementalist on Apr 19, 2022.
             Slain by an orc wizard
             ... wielding a +0 dagger
              (3 damage)
             ... on level 4 of the Dungeon.
             The game lasted 00:03:27 (4372 turns).

pkoi the Gusty (Demigod Air Elementalist)           Turns: 4372, Time: 00:03:28

Health: -1/38      AC:  3    Str:  9    XL:     5   Next: 94%
Magic:  5/10       EV: 12    Int: 21    God:
Gold:   122        SH:  0    Dex: 14    Spells: 6/7 levels left

rFire   + . .      SeeInvis .   e - +0 short sword (venom)
rCold   + . .      Faith    .   (no shield)
rNeg    . . .      Spirit   .   a - +1 robe
rPois   +          Reflect  .   (no helmet)
rElec   +          Harm     .   (no cloak)
rCorr   +          Rampage  .   (no gloves)
Will    .....                   (no boots)
Stlth   ++........              (no amulet)
HPRegen 0.12/turn               (no ring)
MPRegen 0.12/turn               (no ring)

@: mighty, resistant
A: high MP 1, forlorn, divine attributes
a: no special abilities


You were on level 4 of the Dungeon.
You visited 1 branch of the dungeon, and saw 4 of its levels.

You collected 122 gold pieces.

Inventory:

Hand Weapons
 d - a +0 short sword
 e - a +0 short sword of venom (weapon)
 f - a +1 whip of draining
Armour
 a - a +1 robe (worn)
Wands
 l - a wand of flame (5)
Scrolls
 b - 2 scrolls of identify
 c - a scroll of teleportation {unknown}
 j - a scroll of magic mapping {unknown}
 m - a scroll of fear
Potions
 g - a potion of might
 i - a potion of berserk rage


   Skills:
 - Level 1.7 Dodging
 - Level 1.7 Stealth
 - Level 1.7 Spellcasting
 - Level 0.8 Conjurations
 + Level 6.4 Air Magic


You had 6 spell levels left.
You knew the following spells:

 Your Spells              Type           Power      Damage    Failure   Level
a - Shock                 Conj/Air       68%        1d7       3%          1

Your spell library contained the following spells:

 Spells                   Type           Power      Damage    Failure   Level
 Swiftness                Air            28%        N/A       3%          3
 Static Discharge         Conj/Air       17%        N/A       5%          2
 Airstrike                Air            14%        N/A       11%         4
 Animate Skeleton         Necr           2%         N/A       16%         1
 Pain                     Necr           4%         1d4       16%         1
 Vampiric Draining        Necr           1%         2d6       41%         3
 Animate Dead             Necr           0%         N/A       83%         4
 Haunt                    Necr/Summ      0%         N/A       100%        7
 Infestation              Necr           0%         N/A       100%        8


Dungeon Overview and Level Annotations

Branches:
Dungeon (4/15)
 Temple: D:4-7


Innate Abilities, Weirdness & Mutations

You have an increased reservoir of magic. (+10% MP)
You shall have no god before yourself.
Your divine heritage dramatically boosts your attributes as you level up.


Message History

Your magical contamination has completely faded away.
You hit the orc priest but do no damage.
The orc priest looks as sick as possible!
The orc priest is severely wounded.
The orc priest begins to cast a cantrip, but forgets the words!
The orc priest misses you.
It was a potion of might.
You feel very mighty all of a sudden.
You kill the orc priest!
You hear some strange, mumbled words.
A puff of flame appears from out of thin air!
The puff of flame hits you!
* * * LOW HITPOINT WARNING * * *
It was a potion of resistance.
You feel protected.
You feel better. Something hits you.
* * * LOW HITPOINT WARNING * * *
You closely miss something. Something hits you.
* * * LOW HITPOINT WARNING * * *
You barely miss something. Something hits you.
* * * LOW HITPOINT WARNING * * *
You miss something. Something barely misses you.
Unknown command.
You closely miss something. Something hits you but does no damage.
Unknown command.
You hit something.
You hear some strange, mumbled words.
Something tries to affect you, but you resist.
Unknown command.
You completely miss something. Something hits you.
* * * LOW HITPOINT WARNING * * *
Unknown command.
You barely miss something. Something hits you.
* * * LOW HITPOINT WARNING * * *
Unknown command.
You miss something. Something hits you.
* * * LOW HITPOINT WARNING * * *
Unknown command.
You puncture something! Something hits you.
You die...

#...# #....#
#.).##############....#####
#...##..........##..(.....#
####...##..........##....###.##
#................).............
###..................##....###.##
#..........#####....#.#....###.#
#..........# #{#.............#
#..........#####@##.#.##<...####
###......[.##.......#.##...{#
#........##....##.#.##....####
#........##....####.##........
#>............................
##.......############.........
######.## ####..<............
####.####........##^.......
#.......#..).....##......>.


There were no monsters in sight!

Vanquished Creatures
  An ogre (D:4)
  A howler monkey (D:4)
  A hound (D:4)
  An orc priest (D:4)
  An iguana (D:3)
  Terence (D:2)
  2 adders
  A worm (D:4)
  3 dart slugs
  3 orcs (D:4)
  3 endoplasms
  A giant cockroach (D:1)
  3 hobgoblins
  4 quokkas
  4 ball pythons
  5 bats
  5 goblins
  10 kobolds
  2 rats
52 creatures vanquished.

Notes
Turn   | Place    | Note
-------+----------+-------------------------------------------
     0 | D:1      | pkoi the Demigod Air Elementalist began the quest for the
                  | Orb.
     0 | D:1      | Reached XP level 1. HP: 14/14 MP: 5/5
   266 | D:1      | Reached skill level 3 in Air Magic
   733 | D:1      | Reached XP level 2. HP: 20/20 MP: 1/7
  1724 | D:2      | Noticed Terence
  1734 | D:2      | Killed Terence
  1735 | D:2      | Reached skill level 4 in Air Magic
  1735 | D:2      | Reached XP level 3. HP: 12/26 MP: 4/8
  3563 | D:4      | Reached XP level 4. HP: 22/33 MP: 9/9
  3630 | D:3      | Reached skill level 5 in Air Magic
  3773 | D:4      | Reached XP level 5. HP: 13/38 MP: 10/10
  3985 | D:4      | Noticed an ogre
  3995 | D:4      | Killed an ogre
  3996 | D:4      | Reached skill level 6 in Air Magic
  4361 | D:4      | HP: 1/38 [something/puff of flame (8)]
  4372 | D:4      | Slain by an orc wizard

Illustrated notes

Levels and vault maps discovered:
D:1:      kennysheep_arrival_forest, layout_loops_corners
D:2:      layout_loops_cross, uniq_terence
D:3:      layout_basic
D:4:      layout_basic, amcnicky_altar_gilded

Skill      XL: |  1  2  3  4  5 |
---------------+----------------+-----
Air Magic      | 3 4 5 6 |  6.4
Dodging        | |  1.7
Stealth        | |  1.7
Spellcasting   | |  1.7
Conjurations   | |  0.8

Action                   |  1- 3 |  4- 6 || total
-------------------------+-------+-------++-------
Melee: Short sword       |    17 |    25 ||    42
 Cast: Shock             |    73 |    32 ||   105
  Use: Scroll            |     5 |       ||     5
       Potion            |     1 |     3 ||     4
 Stab: Distracted        |     1 |       ||     1
Armor: Robe              |     3 |     2 ||     5
Dodge: Dodged            |    11 |    11 ||    22
